[Event "Team 45 45 League T50"]
[Site "Internet Chess Club"]
[Date "2011.08.29"]
[Round "3"]
[White "eurander"]
[Black "loserloser"]
[Result "1-0"]
[WhiteElo "2123"]
[BlackElo "1785"]
[Opening "Scandinavian defense"]
[ECO "B01"]
[Time "12:00:17"]
[TimeControl "2700+45"]

1. e4 d5 2. exd5 Nf6 3. Bb5+ Bd7 4. Bc4 Bg4 5. f3 Bf5 6. Nc3 a6 7. a4 Nbd7 8. a5
b5 9. axb6 Nxb6 10. Bxa6 Rxa6 11. Rxa6 Nfxd5 12. Nxd5 Nxd5 13. Qe2 Qb8 14. Qc4
Nb4 15. Ra4 Nxc2+ 16. Kd1 Nd4 17. Qxd4 Qb3+ 18. Ke1 {Black resigns} 1-0

[Event "Team 45 45 League T50"]
[Site "Internet Chess Club"]
[Date "2011.08.26"]
[Round "3"]
[White "CheeryCherry"]
[Black "kidviper"]
[Result "0-1"]
[WhiteElo "1490"]
[BlackElo "1923"]
[Opening "Nimzovich-Larsen attack: Indian variation"]
[ECO "A01"]
[Time "15:28:23"]
[TimeControl "2700+45"]

1. b3 Nf6 2. Bb2 d5 3. e3 Bg4 4. Nf3 Nbd7 5. d3 e5 6. h3 Bxf3 7. Qxf3 Bd6 8. g3
a5 9. Bg2 a4 10. O-O c6 11. Nd2 a3 12. Bc1 O-O 13. c4 Qa5 14. cxd5 cxd5 15. Nb1
Bb4 16. Qe2 Nc5 17. Rd1 e4 18. dxe4 Ncxe4 19. Qd3 Be1 20. Bxe4 dxe4 21. Qf1 Qe5
22. Qxe1 Qxa1 23. Nc3 Rfd8 24. Bd2 Qb2 25. Bc1 Rxd1 {White resigns} 0-1

[Event "Team 45 45 League T50"]
[Site "Internet Chess Club"]
[Date "2011.08.28"]
[Round "3"]
[White "Timotheous"]
[Black "Muravey"]
[Result "0-1"]
[WhiteElo "1657"]
[BlackElo "1678"]
[Opening "Réti: advance variation"]
[ECO "A09"]
[Time "16:30:19"]
[TimeControl "2700+45"]

1. Nf3 d5 2. c4 d4 3. g3 b6 4. Bg2 Bb7 5. d3 c5 6. O-O Nf6 7. e3 Nc6 8. Ne5 Nxe5
9. Bxb7 Rb8 10. Qa4+ Qd7 11. Qxd7+ Kxd7 12. Be4 Nxe4 13. dxe4 Nxc4 14. exd4 cxd4
15. b3 Nd6 16. e5 Nf5 17. Rd1 Kc6 18. Bb2 Rd8 19. g4 Nh4 20. Rd3 e6 21. Nd2 Bb4
22. Rc1+ Kb7 23. Nf3 Nxf3+ 24. Rxf3 d3 25. Rd1 d2 26. Rxf7+ Kc6 27. a3 Bc5 28.
b4 Bf8 29. Bc3 Rd3 30. Bxd2 Rxa3 31. Rc1+ Kb5 32. Rc8 Ra1+ 33. Kg2 Bxb4 34. Rxh8
Bxd2 35. Rxh7 a5 36. Rfxg7 a4 37. Ra7 a3 38. Ra8 a2 39. Rha7 Ba5 {White resigns}
0-1

[Event "Team 45 45 League T50"]
[Site "Internet Chess Club"]
[Date "2011.08.26"]
[Round "3"]
[White "rayonline53"]
[Black "nanning"]
[Result "1-0"]
[WhiteElo "1539"]
[BlackElo "1458"]
[Opening "Sicilian: Smith-Morra gambit"]
[ECO "B21"]
[Time "08:00:26"]
[TimeControl "2700+45"]

1. e4 c5 2. d4 cxd4 3. c3 Nf6 4. e5 Nd5 5. Bc4 Nb6 6. Bb3 Nc6 7. Nf3 e6 8. O-O
d5 9. exd6 Bxd6 10. cxd4 O-O 11. Nc3 Na5 12. Bc2 Bd7 13. Bxh7+ Kxh7 14. Ng5+ Kg6
15. Qg4 Bxh2+ 16. Kxh2 Rh8+ 17. Nh3+ Kh7 18. Qh5+ Kg8 19. Qxa5 e5 20. Qxe5 Bxh3
21. gxh3 Qd7 22. Qg3 Qxd4 23. Be3 Qb4 24. Rg1 Rh7 25. Bxb6 Qxb6 26. Nd5 Qxb2 27.
Rgd1 Re8 28. Nc7 Re2 29. Rd8+ {Black resigns} 1-0

[Event "Team 45 45 League T50"]
[Site "Internet Chess Club"]
[Date "2011.08.28"]
[Round "3"]
[White "tsia68"]
[Black "Magagna"]
[Result "0-1"]
[WhiteElo "1840"]
[BlackElo "1899"]
[Opening "English, 1...Nf6 (Anglo-Indian defense)"]
[ECO "A13"]
[Time "11:32:40"]
[TimeControl "2700+45"]

1. c4 Nf6 2. g3 e6 3. Bg2 d5 4. Nf3 Bd6 5. O-O O-O 6. b3 c5 7. e3 Nc6 8. Bb2 Re8
9. Nc3 a6 10. Qe2 Qc7 11. Rac1 Rb8 12. d4 b6 13. Rfd1 cxd4 14. cxd5 dxc3 15.
Rxc3 Nxd5 16. Rc4 b5 17. Rc2 Bb7 18. Qd2 Red8 19. Nd4 Rbc8 20. Nxc6 Bxc6 21.
Rdc1 Qb7 22. a3 Ne7 23. Qd4 e5 24. Bxc6 Rxc6 25. Qe4 Rdc8 26. Rxc6 Rxc6 27. Rd1
Qc7 28. Bxe5 Bxe5 29. Qxe5 h6 30. Rd8+ Qxd8 {White resigns} 0-1

[Event "Team 45 45 League T50"]
[Site "Internet Chess Club"]
[Date "2011.08.27"]
[Round "3"]
[White "Killian"]
[Black "Duguesclin"]
[Result "1/2-1/2"]
[WhiteElo "1829"]
[BlackElo "1715"]
[Opening "French: Tarrasch, open, 4.ed ed"]
[ECO "C08"]
[Time "05:02:22"]
[TimeControl "2700+45"]

1. e4 e6 2. d4 d5 3. Nd2 c5 4. exd5 exd5 5. c3 Nf6 6. Ndf3 Bg4 7. Bb5+ Nbd7 8.
Bg5 Be7 9. h3 Be6 10. Bxf6 Bxf6 11. dxc5 O-O 12. c6 bxc6 13. Bxc6 Rb8 14. Qd2
Nb6 15. Bb5 Qc7 16. Ne2 Rfd8 17. Ned4 Nc4 18. Bxc4 dxc4 19. O-O Bd5 20. Qc2 Qb7
21. Rfe1 Bxd4 22. Nxd4 Bxg2 23. Re3 Re8 24. Rae1 Rxe3 25. Rxe3 g6 26. Qe2 Bd5
27. Re8+ Rxe8 28. Qxe8+ Kg7 29. Qe5+ Kg8 30. Qe8+ Kg7 31. Qe5+ Kg8 32. Qe8+
{Game drawn by repetition} 1/2-1/2

[Event "Team 45 45 League T50"]
[Site "Internet Chess Club"]
[Date "2011.08.27"]
[Round "3"]
[White "zap2"]
[Black "TwoEqualsOne"]
[Result "0-1"]
[WhiteElo "1716"]
[BlackElo "1715"]
[Opening "Réti: King's Indian attack"]
[ECO "A05"]
[Time "04:03:47"]
[TimeControl "2700+45"]

1. Nf3 Nf6 2. g3 g6 3. Bg2 Bg7 4. O-O O-O 5. d3 d5 6. Nbd2 b6 7. e4 dxe4 8. dxe4
Bb7 9. Qe2 Nc6 10. e5 Ne8 11. e6 f5 12. c3 h6 13. Rd1 Qc8 14. Nh4 Rf6 15. Bd5
Na5 16. Nc4 Bxd5 17. Rxd5 Nxc4 18. Qxc4 Qxe6 19. Qd3 Nd6 20. Be3 c6 21. Rd4 Rff8
22. Ra4 Rfd8 23. Rd1 Kh7 24. Nf3 c5 25. Rh4 Kg8 26. b3 Nf7 27. Qc2 Rxd1+ 28.
Qxd1 Rd8 29. Qc1 g5 30. Ra4 Rd7 31. Ra6 Qf6 32. c4 Qc6 33. Ne1 Ne5 34. Ng2 Qf3
35. Qf1 Rd1 36. Ne1 Qb7 37. Qe2 Rxe1+ 38. Qxe1 Nf3+ 39. Kf1 Nxe1 40. Ra4 Nc2 41.
Bd2 a5 42. a3 Qd7 43. Ke2 Nd4+ 44. Ke3 Qe6+ 45. Kd3 Qe4+ 46. Kc3 Qc2# {White
checkmated} 0-1

[Event "Team 45 45 League T50"]
[Site "Internet Chess Club"]
[Date "2011.08.28"]
[Round "3"]
[White "Gilguli"]
[Black "Konstantinos"]
[Result "1-0"]
[WhiteElo "1414"]
[BlackElo "1695"]
[Opening "QGD Slav: exchange variation"]
[ECO "D13"]
[Time "14:35:34"]
[TimeControl "2700+45"]

1. d4 d5 2. Nf3 Nf6 3. c4 c6 4. cxd5 cxd5 5. Nc3 e6 6. a3 Be7 7. Bf4 O-O 8. e3
Qb6 9. b4 Bd7 10. Bd3 a6 11. O-O Nc6 12. Na4 Qd8 13. Nc5 b6 14. Nb7 Qc8 15. Nd6
Bxd6 16. Bxd6 Rd8 17. Rc1 Qb7 18. Ne5 Nxe5 19. Bxe5 Ne8 20. Qh5 f5 21. Qg5 Bb5
22. Rc7 Qxc7 23. Bxc7 Rd7 24. Bxb5 Rxc7 25. Bxe8 Rxe8 26. Qh5 Rec8 27. Qe2 b5
28. h3 Rc2 29. Qf3 R8c3 30. Qf4 Rxa3 31. Qb8+ Kf7 32. Qd6 Ra4 33. g4 fxg4 34.
hxg4 Rb2 35. Rc1 Raa2 36. Rc6 Kg6 37. Qxe6+ Kg5 38. Qf5+ {Black resigns} 1-0

[Event "Team 45 45 League T50"]
[Site "Internet Chess Club"]
[Date "2011.08.26"]
[Round "3"]
[White "jorobo"]
[Black "ben622"]
[Result "1-0"]
[WhiteElo "1987"]
[BlackElo "1974"]
[Opening "Grünfeld defense"]
[ECO "D80"]
[Time "22:30:26"]
[TimeControl "2700+45"]

1. c4 Nf6 2. Nc3 d5 3. d4 g6 4. e3 Bg7 5. Qb3 dxc4 6. Bxc4 O-O 7. Nf3 Nc6 8. Be2
Nd7 9. O-O Nb6 10. Rd1 Bg4 11. h3 Bxf3 12. Bxf3 Qd6 13. Ne4 Qd7 14. Nc5 Qc8 15.
Nxb7 Qxb7 16. Qb5 Rad8 17. Bxc6 a6 18. Bxb7 axb5 19. b3 e5 20. Ba3 exd4 21. Bxf8
Kxf8 22. Rac1 Rb8 23. Rxc7 Be5 24. Rc5 Bd6 25. Rc6 Rxb7 26. Rxd6 dxe3 27. fxe3
Ke7 28. Kf2 h5 29. e4 Nd7 30. Rxd7+ Rxd7 31. Rxd7+ Kxd7 32. Ke3 Kd6 33. Kd4 f6
34. a4 bxa4 35. bxa4 h4 36. e5+ fxe5+ 37. Ke4 Ke6 38. a5 Kd6 39. a6 Kc6 40. Kxe5
Kb6 41. Kf6 Kxa6 42. Kxg6 {Black resigns} 1-0

[Event "Team 45 45 League T50"]
[Site "Internet Chess Club"]
[Date "2011.08.27"]
[Round "3"]
[White "universe"]
[Black "cesaralexander"]
[Result "1-0"]
[WhiteElo "2043"]
[BlackElo "1914"]
[Opening "French: Tarrasch, open variation, main line"]
[ECO "C09"]
[Time "22:19:52"]
[TimeControl "2700+45"]

1. e4 e6 2. d4 d5 3. Nd2 c5 4. Ngf3 Nc6 5. exd5 exd5 6. Bb5 Bd6 7. O-O Ne7 8.
dxc5 Bxc5 9. Nb3 Bd6 10. Be3 O-O 11. c3 Bg4 12. h3 Bh5 13. Nbd4 Nxd4 14. Bxd4
Nf5 15. Qc2 Nxd4 16. Nxd4 Bc5 17. Bd3 Bg6 18. Bxg6 hxg6 19. Nf3 Qf6 20. Rad1
Rfd8 21. Qb3 d4 22. Nxd4 Bxd4 23. Rxd4 Rxd4 24. cxd4 b6 25. Rd1 Re8 26. Qc4 Qf4
27. b3 Re4 28. Qd3 Qf5 29. f3 Re1+ 30. Kf2 Qxd3 31. Rxd3 Rc1 32. d5 Kf8 33. d6
Ke8 34. Re3+ Kd7 35. Re7+ Kxd6 36. Rxf7 Rc2+ 37. Kg3 Rxa2 38. Rxg7 Rb2 39. Rxg6+
Kd5 40. Rg7 a5 41. Rd7+ Kc5 42. Rd3 Kb4 43. h4 Rxb3 44. Rxb3+ Kxb3 45. h5 a4 46.
h6 a3 47. h7 a2 48. h8=Q Kc2 49. Qa1 {Black resigns} 1-0

[Event "Team 45 45 League T50"]
[Site "Internet Chess Club"]
[Date "2011.08.28"]
[Round "3"]
[White "azbycx"]
[Black "Boromir"]
[Result "1/2-1/2"]
[WhiteElo "1784"]
[BlackElo "1934"]
[Opening "Queen's pawn game, Darooha variation "]
[ECO "D02"]
[Time "08:06:09"]
[TimeControl "2700+45"]

1. d4 Nf6 2. Nf3 d5 3. g3 Bg4 4. Bg2 e6 5. O-O Bd6 6. c4 c6 7. Qb3 Qb6 8. Nbd2
Qxb3 9. axb3 a6 10. c5 Bc7 11. Re1 Nbd7 12. e4 dxe4 13. Nxe4 Nxe4 14. Rxe4 Nf6
15. Re1 Rd8 16. Be3 Bxf3 17. Bxf3 Nd5 18. Bg5 Rd7 19. Bg4 h6 20. Be3 Ke7 21.
Rad1 Rhd8 22. Bf3 Nb4 23. Re2 Be5 24. Red2 Bf6 25. Bg4 Nd5 26. Kf1 Nc7 27. Be2
Nd5 28. Bg4 Nc7 29. Be2 Nd5 30. Bg4 {Game drawn by repetition} 1/2-1/2

[Event "Team 45 45 League T50"]
[Site "Internet Chess Club"]
[Date "2011.08.25"]
[Round "3"]
[White "FlyingTiger"]
[Black "az2112"]
[Result "1-0"]
[WhiteElo "1853"]
[BlackElo "1710"]
[Opening "Sicilian: accelerated fianchetto, modern variation"]
[ECO "B34"]
[Time "20:00:09"]
[TimeControl "2700+45"]

1. e4 c5 2. Nc3 Nc6 3. Nge2 g6 4. d4 cxd4 5. Nxd4 Bg7 6. Be3 Nf6 7. Nxc6 bxc6 8.
e5 Ng8 9. f4 Nh6 10. Qd2 O-O 11. O-O-O d6 12. h3 Nf5 13. Bf2 c5 14. Bc4 Bb7 15.
Bd5 Bxd5 16. Nxd5 dxe5 17. Bxc5 exf4 18. Nxe7+ Nxe7 19. Qxd8 Rfxd8 20. Bxe7 Re8
21. Rd7 Bh6 22. Kb1 Bf8 23. Bxf8 Kxf8 24. Rhd1 Re2 25. R7d2 Rae8 26. b3 Rxd2 27.
Rxd2 Re1+ 28. Kb2 Rg1 29. c4 f3 30. gxf3 Rg3 31. c5 Rxf3 32. c6 Rf6 33. c7 Rc6
34. Rd8+ {Black resigns} 1-0

[Event "Team 45 45 League T50"]
[Site "Internet Chess Club"]
[Date "2011.08.30"]
[Round "3"]
[White "Chatica"]
[Black "TerryMalloy"]
[Result "1/2-1/2"]
[WhiteElo "2187"]
[BlackElo "2045"]
[Opening "Danish gambit"]
[ECO "C21"]
[Time "21:06:52"]
[TimeControl "2700+45"]

1. e4 e5 2. d4 exd4 3. c3 dxc3 4. Nxc3 Bb4 5. Bc4 Bxc3+ 6. bxc3 Qf6 7. Qd3 Nc6
8. Nf3 Nge7 9. O-O O-O 10. Rb1 d5 11. Bxd5 Nxd5 12. Qxd5 Be6 13. Qc5 Rab8 14.
Rb2 Rfe8 15. Re1 Bg4 16. Nd4 Nxd4 17. cxd4 b6 18. Qc4 Rbc8 19. f3 Bd7 20. Be3 c5
21. Rd2 cxd4 22. Qxd4 Qxd4 23. Rxd4 Be6 24. a4 Rc2 25. a5 bxa5 26. Ra1 Rb8 27.
Rd2 Rxd2 28. Bxd2 a6 29. Bxa5 h6 30. Bc3 Bc4 31. Kf2 Rb3 32. Bd4 Rd3 33. Be3 Rc3
34. Bd4 Rc2+ 35. Kg3 Ra2 36. Rxa2 Bxa2 37. Bc3 f6 38. Kf2 Kf7 39. Ke3 Ke6 40. f4
g6 41. g3 h5 42. h4 Bb1 43. Bb4 Bc2 44. Kd4 Bb1 45. Bc3 Bc2 46. Bb4 Bb1 47. Bc3
Bc2 {Game drawn by mutual agreement} 1/2-1/2

[Event "Team 45 45 League T50"]
[Site "Internet Chess Club"]
[Date "2011.08.28"]
[Round "3"]
[White "JeeniousChess"]
[Black "Gregorio"]
[Result "1-0"]
[WhiteElo "1850"]
[BlackElo "1909"]
[Opening "Queen's Indian: Petrosian system"]
[ECO "E12"]
[Time "18:09:43"]
[TimeControl "2700+45"]

1. d4 Nf6 2. c4 e6 3. Nf3 b6 4. a3 Bb7 5. Nc3 d5 6. cxd5 Nxd5 7. Qc2 c5 8. e4
Nf6 9. Bg5 h6 10. Bb5+ Nbd7 11. Bxf6 gxf6 12. dxc5 Bxc5 13. Rd1 Bc8 14. b4 Be7
15. Bc6 Rb8 16. Nb5 O-O 17. Nxa7 Qc7 18. Nb5 Qf4 19. Bxd7 Bxd7 20. Rxd7 Rbc8 21.
Nc3 Bd6 22. O-O Kh8 23. Qd3 Bb8 24. g3 Qg4 25. Na4 h5 26. Nxb6 Rc6 27. Rd8
{Black resigns} 1-0

[Event "Team 45 45 League T50"]
[Site "Internet Chess Club"]
[Date "2011.08.28"]
[Round "3"]
[White "alexping"]
[Black "livis"]
[Result "0-1"]
[WhiteElo "1895"]
[BlackElo "1998"]
[Opening "QGD: classical variation (5.Bf4)"]
[ECO "D37"]
[Time "12:08:32"]
[TimeControl "2700+45"]

1. d4 e6 2. c4 d5 3. Nf3 Nf6 4. Nc3 Be7 5. Bf4 a6 6. e3 Nc6 7. Be2 O-O 8. O-O
Nh5 9. Bg3 Nxg3 10. hxg3 Bf6 11. Nd2 Ne7 12. f4 Nf5 13. Kf2 Nxd4 14. exd4 Bxd4+
15. Ke1 Qf6 16. Nb3 Bxc3+ 17. bxc3 Qxc3+ 18. Qd2 Qxg3+ 19. Rf2 dxc4 20. Bxc4 b5
21. Bf1 Bb7 22. Rc1 Bd5 23. Rc3 Qh4 24. Rh3 Qf6 25. Qc2 g6 26. g4 Bxb3 27. axb3
Rfd8 28. Qc3 Rd4 29. g5 Qg7 30. Qxc7 Re4+ 31. Re2 Qa1+ 32. Kf2 Qd4+ 33. Kf3 Qd3+
34. Kg4 Qd4 35. Rxe4 Qxe4 36. Bd3 Qg2+ 37. Rg3 Qh1 38. Rh3 Qd1+ 39. Kh4 Rf8 40.
Qc2 Qg1 41. Qh2 Qd4 42. Kg4 f5+ 43. Kh4 e5 44. Qg3 e4 45. Bf1 Qd1 46. Qg2 Rd8
47. Qe2 Qc1 48. Qf2 Rd2 49. Qb6 Qe1+ 50. Rg3 Rh2+ 51. Bh3 Rxh3+ {White resigns}
0-1

[Event "Team 45 45 League T50"]
[Site "Internet Chess Club"]
[Date "2011.08.28"]
[Round "3"]
[White "Otelo"]
[Black "zbence"]
[Result "1-0"]
[WhiteElo "1835"]
[BlackElo "1810"]
[Opening "Sicilian: closed"]
[ECO "B23"]
[Time "20:02:51"]
[TimeControl "2700+45"]

1. e4 c5 2. Nc3 g6 3. f4 Bg7 4. Nf3 Nc6 5. Bb5 Nd4 6. O-O e6 7. d3 Ne7 8. Bc4
O-O 9. Nxd4 cxd4 10. Ne2 d5 11. exd5 exd5 12. Bb3 b5 13. Qe1 a5 14. a4 b4 15.
Qf2 Nf5 16. Ng3 Ne3 17. Bxe3 dxe3 18. Qxe3 Bxb2 19. Rae1 Qf6 20. Qe7 Qb6+ 21.
Kh1 Bf6 22. Qe2 Bc3 23. Rd1 Bb7 24. f5 Rae8 25. Qg4 Qd4 26. Rf4 Qg7 27. d4 h5
28. Nxh5 gxh5 29. Qxh5 Re4 30. f6 Qh7 31. Rg4+ Rxg4 32. Qxg4+ Qg6 33. Qf4 Re8
34. Kg1 Qe4 35. Qg5+ Qg6 36. Qf4 Kh7 37. Rd3 Re1+ 38. Kf2 Re4 39. Rh3+ {Black
resigns} 1-0

[Event "Team 45 45 League T50"]
[Site "Internet Chess Club"]
[Date "2011.08.29"]
[Round "3"]
[White "egyptiantiger"]
[Black "carokantor"]
[Result "1/2-1/2"]
[WhiteElo "2086"]
[BlackElo "1965"]
[Opening "Old Benoni defense"]
[ECO "A46"]
[Time "18:14:11"]
[TimeControl "2700+45"]

1. d4 Nf6 2. Nf3 c5 3. d5 d6 4. c4 g6 5. Nc3 Bg7 6. e4 Bg4 7. Be2 Nbd7 8. Nd2
Bxe2 9. Qxe2 O-O 10. O-O e6 11. dxe6 fxe6 12. Nf3 Nh5 13. Bg5 Bf6 14. Be3 Ne5
15. Nxe5 Bxe5 16. g3 Qe7 17. Rad1 b6 18. Rd3 Rad8 19. Rfd1 a6 20. f4 Bxc3 21.
Rxc3 Nf6 22. Qf3 Qb7 23. Rcd3 Qxe4 24. Qxe4 Nxe4 25. Kg2 b5 26. b3 bxc4 27. bxc4
Rb8 28. h4 Rb4 29. Rc1 d5 30. cxd5 c4 31. Rd4 exd5 32. Rxd5 c3 33. Kf3 Re8 34.
Bd4 Nd2+ 35. Kg4 h5+ 36. Kh3 Ne4 37. Bxc3 Ra4 38. Bd4 Ra3 39. Rc7 Nxg3 40. Rg7+
Kf8 41. Rxg6 Nf5+ 42. Kh2 Nxd4 43. Rxd4 Rxa2+ 44. Rg2 Ra3 45. Rd5 Re4 46. Rf5+
Ke7 47. Rg3 Ra2+ 48. Kh3 Ke6 49. Rxh5 Rxf4 50. Rhg5 {Game drawn by mutual
agreement} 1/2-1/2

[Event "Team 45 45 League T50"]
[Site "Internet Chess Club"]
[Date "2011.08.29"]
[Round "3"]
[White "McKnights"]
[Black "CamLeslie"]
[Result "0-1"]
[WhiteElo "1903"]
[BlackElo "1872"]
[Opening "Sicilian: Hungarian variation"]
[ECO "B34"]
[Time "20:02:35"]
[TimeControl "2700+45"]

1. e4 c5 2. Nf3 g6 3. d4 cxd4 4. Nxd4 Nc6 5. Bb5 Bg7 6. Be3 Nf6 7. Nc3 O-O 8.
O-O a6 9. Ba4 b5 10. Bb3 b4 11. Nd5 Nxe4 12. Re1 a5 13. f3 Nd6 14. Nxc6 dxc6 15.
Bb6 Qd7 16. Rxe7 Qf5 17. Nc7 Rb8 18. Qxd6 Rxb6 19. Rae1 Qf6 20. Qg3 Qd4+ 21. Kh1
c5 22. Ne8 Rb7 23. R7e4 Qxb2 24. Nd6 Rd7 25. Re8 Ba6 26. Ba4 Ra7 27. Qg5 Qc3 28.
Qf4 Qd4 29. Qg3 Ra8 30. R8e4 Qc3 31. Bb3 c4 32. Ba4 Rad8 33. Ne8 Bh8 34. Qc7 Rd4
35. R4e3 Rd1 36. Qg3 Qxe3 37. Rxd1 Rxe8 38. Bxe8 Qxe8 39. Qd6 Bb5 40. Qb6 Kg7
41. Qxa5 Qe2 42. Rg1 Bc6 43. Qxb4 Kh6 44. Qc5 Qe6 45. a4 Bxa4 46. Qf2 Bc3 47.
Qa7 Bxc2 48. h3 Bd3 49. Qa3 Bd4 50. Qc1+ Kg7 51. Re1 Qf6 52. Qa3 Be5 53. Qc5 Bd6
54. Qd5 Qf4 55. Kg1 Qh2+ 56. Kf2 Qg3+ 57. Ke3 Qxe1+ 58. Kd4 Qa1+ 59. Ke3 Qe5+
60. Qxe5+ Bxe5 61. f4 Ba1 62. f5 Bxf5 63. g4 Bd3 64. h4 Kf6 65. h5 Ke5 66. h6 f5
67. g5 f4+ 68. Kf3 c3 69. Kf2 c2 70. Kf3 c1=Q 71. Kf2 Qe3+ 72. Kg2 Qg3+ 73. Kh1
Be4# {White checkmated} 0-1

[Event "Team 45 45 League T50"]
[Site "Internet Chess Club"]
[Date "2011.08.26"]
[Round "3"]
[White "Saixua"]
[Black "JustinL"]
[Result "1/2-1/2"]
[WhiteElo "1903"]
[BlackElo "1751"]
[Opening "French: Winawer, advance, 5.a3"]
[ECO "C17"]
[Time "17:00:30"]
[TimeControl "2700+45"]

1. e4 e6 2. d4 d5 3. Nc3 Bb4 4. e5 c5 5. a3 cxd4 6. Qxd4 Bxc3+ 7. Qxc3 Nc6 8.
Qg3 Nd4 9. Bd3 g6 10. Nf3 Nf5 11. Bxf5 exf5 12. O-O Ne7 13. Bg5 Be6 14. Bf6 Rg8
15. Qh4 h5 16. Rad1 Qd7 17. Nd4 a6 18. c4 Nc6 19. Nxe6 fxe6 20. cxd5 exd5 21.
Rfe1 Qe6 22. Qa4 Kf7 23. Qb3 Ne7 24. Bxe7 Qxe7 25. Qxd5+ Kg7 26. e6 Rad8 27.
Qe5+ Qf6 28. Rd7+ Rxd7 29. exd7 Qxe5 30. Rxe5 Rd8 31. Re7+ Kf6 32. Rh7 Ke6 33.
Kf1 Rxd7 34. Rxd7 Kxd7 35. Ke2 Kd6 36. Kd3 Kd5 37. f4 h4 38. b3 a5 39. h3 b6 40.
a4 Kc5 41. Kc3 b5 42. axb5 Kxb5 43. Kd3 Kb4 44. Kc2 Ka3 45. Kc3 Ka2 46. Kc2 Ka3
47. Kc3 Ka2 48. Kc2 Ka3 49. Kc3 {Game drawn by repetition} 1/2-1/2

[Event "Team 45 45 League T50"]
[Site "Internet Chess Club"]
[Date "2011.08.27"]
[Round "3"]
[White "TrevorSharpe"]
[Black "kasperloff"]
[Result "0-1"]
[WhiteElo "1571"]
[BlackElo "1960"]
[Opening "Grünfeld: Grünfeld gambit accepted"]
[ECO "D84"]
[Time "14:00:45"]
[TimeControl "2700+45"]

1. d4 Nf6 2. c4 g6 3. Nc3 d5 4. Bf4 Bg7 5. e3 O-O 6. cxd5 Nxd5 7. Nxd5 Qxd5 8.
Bxc7 Na6 9. Bg3 Bf5 10. a3 Rac8 11. Rc1 Qa5+ 12. Ke2 Qb5+ 13. Ke1 Qxb2 14. Ne2
Qxa3 15. Ra1 Qb4+ 16. Qd2 Qxd2+ 17. Kxd2 Rc2+ 18. Kd1 Rfc8 19. Nf4 Nb4 20. f3 e5
21. Be1 exf4 22. Bxb4 fxe3 23. Ba3 Bxd4 24. Rc1 Rd2+ 25. Ke1 Bc3 {White resigns}
0-1

[Event "Team 45 45 League T50"]
[Site "Internet Chess Club"]
[Date "2011.08.30"]
[Round "3"]
[White "lacibacsi"]
[Black "Meditator"]
[Result "0-1"]
[WhiteElo "2049"]
[BlackElo "2203"]
[Opening "Sicilian: closed, 6.Be3"]
[ECO "B26"]
[Time "05:01:07"]
[TimeControl "2700+45"]

1. e4 c5 2. Nc3 d6 3. g3 Nc6 4. Bg2 g6 5. d3 Bg7 6. Be3 Rb8 7. Qd2 b5 8. Nge2 b4
9. Nd1 Nf6 10. Bh6 O-O 11. h4 Ne5 12. h5 Bg4 13. hxg6 fxg6 14. Bxg7 Kxg7 15. f4
Nf3+ 16. Bxf3 Bxf3 17. Rf1 Bh5 18. Ne3 Qa5 19. Nc4 Qa6 20. Ne3 b3 21. cxb3 Rxb3
22. axb3 Qxa1+ 23. Kf2 Qa6 24. Qc3 e5 25. Nc4 Ng4+ 26. Ke1 Nh2 27. Rf2 Nf3+ 28.
Kf1 Qa1+ 29. Nc1 Rf6 30. Kg2 Nd4 31. Nxd6 Rxd6 32. fxe5 Rc6 33. e6 g5 34. e7 Rf6
35. Ne2 Rxf2+ 36. Kxf2 Bxe2 37. e8=N+ Kg6 38. Qxc5 Qf1+ 39. Ke3 Qg1+ 40. Kd2
Nxb3+ {White resigns} 0-1

[Event "Team 45 45 League T50"]
[Site "Internet Chess Club"]
[Date "2011.09.02"]
[Round "3"]
[White "Sensei"]
[Black "smartactics"]
[Result "1-0"]
[WhiteElo "2353"]
[BlackElo "1934"]
[Opening "Benoni defense"]
[ECO "A65"]
[Time "21:00:38"]
[TimeControl "2700+45"]

1. d4 Nf6 2. c4 c5 3. d5 e6 4. Nc3 exd5 5. cxd5 g6 6. e4 d6 7. Bd3 Bg7 8. h3 O-O
9. Nf3 Re8 10. O-O c4 11. Bc2 b5 12. Nxb5 Nxe4 13. Bxe4 Rxe4 14. Nd2 Rh4 15. Re1
a6 16. Nxd6 Qxd6 17. Re8+ Bf8 18. Rxc8 Qxd5 19. Qf3 Qe5 20. Qxa8 Kg7 21. Nf3 Qe6
22. Rxf8 {Black resigns} 1-0

[Event "Team 45 45 League T50"]
[Site "Internet Chess Club"]
[Date "2011.08.29"]
[Round "3"]
[White "LAgenieMP"]
[Black "saychess"]
[Result "0-1"]
[WhiteElo "1867"]
[BlackElo "2121"]
[Opening "QGD: Charousek (Petrosian) variation"]
[ECO "D31"]
[Time "22:00:55"]
[TimeControl "2700+45"]

1. d4 d5 2. c4 e6 3. Nc3 Be7 4. cxd5 exd5 5. Bf4 c6 6. Nf3 Bf5 7. e3 Nf6 8. Ne5
Qb6 9. Qd2 Nh5 10. g4 Nxf4 11. gxf5 Nh5 12. Be2 Nf6 13. a3 Nbd7 14. Rg1 Rg8 15.
Na4 Qc7 16. f4 Ne4 17. Qd3 Qa5+ 18. Nc3 Bb4 19. Rc1 Bxc3+ 20. Rxc3 Nxc3 21. bxc3
Nf6 22. Kf1 Qxa3 23. Kg2 Ne4 24. Rb1 g5 25. Rxb7 gxf4+ 26. Kf3 Qc1 27. Bd1 Rg1
28. Ba4 Rf1+ 29. Kg2 f3+ 30. Nxf3 Rf2+ 31. Kh3 Rxf3+ 32. Kg2 Rf2+ 33. Kh3 Ng5+
34. Kh4 Nf3+ 35. Kh3 Rxh2+ 36. Kg3 Qg1+ 37. Kxf3 Rf2# {White checkmated} 0-1

[Event "Team 45 45 League T50"]
[Site "Internet Chess Club"]
[Date "2011.08.28"]
[Round "3"]
[White "Paulkov"]
[Black "Uwak"]
[Result "0-1"]
[WhiteElo "2296"]
[BlackElo "2448"]
[Opening "Sicilian: dragon variation"]
[ECO "B70"]
[Time "12:00:38"]
[TimeControl "2700+45"]

1. e4 c5 2. Nf3 d6 3. d4 cxd4 4. Nxd4 Nf6 5. Nc3 g6 6. Bg5 Bg7 7. Bb5+ Nbd7 8.
O-O a6 9. Bxd7+ Bxd7 10. Qd2 O-O 11. Kh1 Rc8 12. f3 Re8 13. a4 Qb6 14. Nb3 Be6
15. a5 Qc7 16. Be3 Nd7 17. Bd4 Ne5 18. Ra2 Nc4 19. Qd1 Nxb2 20. Rxb2 Bxd4 21.
Qxd4 Qxc3 22. Qxc3 Rxc3 23. Nd4 Bc4 24. Re1 e5 25. Nb3 Rc8 26. h3 Kf8 27. Kg1
Ke7 28. Rd1 Ke6 29. Rd2 f5 30. Nc1 Bb5 31. Kf2 fxe4 32. fxe4 Rf8+ {White
resigns} 0-1

[Event "Team 45 45 League T50"]
[Site "Internet Chess Club"]
[Date "2011.08.31"]
[Round "3"]
[White "Campagnolo"]
[Black "screamingeagle"]
[Result "1-0"]
[WhiteElo "2060"]
[BlackElo "1977"]
[Opening "Réti v Dutch"]
[ECO "A87"]
[Time "21:05:16"]
[TimeControl "2700+45"]

1. Nf3 f5 2. c4 Nf6 3. Nc3 g6 4. g3 Bg7 5. Bg2 d6 6. d4 O-O 7. O-O e6 8. Qc2 Nc6
9. Rd1 Qe7 10. a3 d5 11. Bf4 Rd8 12. Ne5 Nb8 13. cxd5 exd5 14. b4 a6 15. Bg5 c6
16. Rac1 b5 17. Nxc6 Nxc6 18. Nxd5 Qf7 19. Qxc6 {Black resigns} 1-0

[Event "Team 45 45 League T50"]
[Site "Internet Chess Club"]
[Date "2011.08.28"]
[Round "3"]
[White "zeigmata"]
[Black "Geeloo"]
[Result "1/2-1/2"]
[WhiteElo "2335"]
[BlackElo "2063"]
[Opening "English opening"]
[ECO "A21"]
[Time "16:06:35"]
[TimeControl "2700+45"]

1. c4 e5 2. Nc3 Bc5 3. Nf3 Nc6 4. g3 a6 5. Bg2 d6 6. O-O Nge7 7. a3 Ba7 8. b4
O-O 9. d3 Be6 10. Bb2 Qd7 11. Ng5 Bg4 12. h3 Bh5 13. g4 Bg6 14. e4 Nd4 15. Nf3
Nxf3+ 16. Qxf3 Nc6 17. Ne2 f6 18. Kh1 Qe8 19. Qg3 h5 20. f4 hxg4 21. hxg4 Qe7
22. f5 Be8 23. Bf3 g5 24. Kg2 Kg7 25. Rh1 Bf7 26. Rh3 Rh8 27. Rah1 Rag8 28. Qh2
Rxh3 29. Qxh3 Kf8 30. Bc3 b5 31. cxb5 axb5 32. Qh6+ Ke8 33. Ra1 Bb3 34. Ng3 Qg7
35. Qh1 Nd4 36. Nh5 Qf7 {Game drawn by mutual agreement} 1/2-1/2